 Dungeon Crawl Stone Soup version 0.31-a0-626-g8143ab4f1d (webtiles) character file.

Game seed: 3438212645729424330

108 IdlyInterested the Chopper (level 4, 0/33 HPs)
             Began as a Demonspawn Gladiator on Aug 24, 2023.
             Slain by a sleepcap (19 damage)
             ... on level 3 of the Dungeon.
             The game lasted 00:09:14 (1992 turns).

IdlyInterested the Chopper (Demonspawn Gladiator)   Turns: 1992, Time: 00:09:15

Health: 0/33       AC: 10    Str: 22    XL:     4   Next: 58%
Magic:  4/4        EV:  2    Int: 10    God:
Gold:   136        SH:  0    Dex: 14    Spells: 4/4 levels left

rFire   . . .        a - +0 war axe
rCold   . . .        (no shield)
rNeg    + . .        q - +4 ring mail of Generosity {Str+6}
rPois   +            (helmet restricted)
rElec   .            h - +0 cloak
rCorr   .            (no gloves)
SInv    .            (no boots)
Will    .....        (no amulet)
Stlth   +            i - ring of positive energy
HPRegen 0.25/turn    u - ring of poison resistance
MPRegen 0.09/turn

%: no passive effects
@: sleeping
A: horns 1, powered by pain 1, demonic magic 1
a: no special abilities


You were on level 3 of the Dungeon.
You visited 1 branch of the dungeon, and saw 3 of its levels.

You collected 136 gold pieces.

Inventory:

Hand Weapons
 a - a +0 war axe (weapon)
 l - a +0 short sword
Missiles
 d - 3 throwing nets
 e - a javelin
 g - 25 stones (quivered)
 r - 4 poisoned darts
Armour
 h - a +0 cloak (worn)
 q - the +4 ring mail of Generosity (worn) {Str+6}
   (You found it on level 2 of the Dungeon)

   Str+6:     It affects your strength (+6).
Jewellery
 i - a ring of positive energy (left hand)
 u - a ring of poison resistance (right hand)
Scrolls
 b - a scroll of teleportation
 f - a scroll of blinking
 j - a scroll of enchant weapon
 k - 2 scrolls of fog
 m - 2 scrolls of vulnerability
 o - a scroll of enchant armour
 s - a scroll of torment {unknown}
Potions
 c - a potion of mutation {unknown}
 n - 2 potions of heal wounds
 p - a potion of berserk rage {unknown}
 t - a potion of lignification {unknown}


   Skills:
 - Level 2.0 Fighting
 - Level 2.0 Short Blades
 + Level 3.6 Axes
 - Level 1.7 Throwing
 - Level 1.0 Armour
 - Level 2.6 Dodging
 - Level 1.0 Stealth
 * Level 0.5 Spellcasting
 - Level 1.0 Evocations


You had 4 spell levels left.
You didn't know any spells.
Your spell library contained the following spells:

 Spells                   Type           Power      Damage    Failure   Level
 Sublimation of Blood     Necr           0%         N/A       65%         2
 Wereblood                Tmut           0%         N/A       65%         2
 Vhi's Electric Charge    Tloc/Air       0%         N/A       87%         3
 Arcjolt                  Conj/Air       0%         1d10      100%        5
 Plasma Beam              Fire/Air       0%         2x1d10    100%        6
 Summon Hydra             Summ           0%         N/A       100%        7


Dungeon Overview and Level Annotations

Branches:
Dungeon (3/15)

Altars:
Trog
Wu Jian

Shops:
D:3 [


Innate Abilities, Weirdness & Mutations

You have a pair of small horns on your head.
You sometimes gain a little power by taking damage.
Spells you cast may paralyse adjacent enemies.


Message History

The adder is moderately wounded.
The adder bites you but does no damage. The adder barely misses you.
You miss the adder. Your headbutt misses the adder.
The adder is moderately wounded.
The adder bites you but does no damage. x2
You closely miss the adder. You headbutt the adder.
The adder is almost dead.
The adder bites you but does no damage.
You closely miss the adder.
The adder is almost dead.
The adder bites you but does no damage. x2
You hit the adder.
You kill the adder!
Found a bloodstained altar of Trog.
You open the door.
There is an open door here.
v - a scroll of identify
As you read the scroll of identify, it crumbles to dust.
j - a scroll of enchant weapon A sleepcap comes into view.
The sleepcap barely misses you.
You hit the sleepcap but do no damage. The sleepcap releases spores at you.
You are engulfed in a cloud of soporific spores!
You fall asleep.
The sleepcap releases spores at you!
You wake up.
You slash the sleepcap!
The sleepcap is moderately damaged.
The sleepcap misses you.
The sleepcap releases spores at you but does no damage.
You slash the sleepcap!
The sleepcap is severely damaged.
The sleepcap closely misses you.
You hit the sleepcap but do no damage.
The sleepcap is severely damaged.
The sleepcap releases spores at you.
You are engulfed in a cloud of soporific spores!
You fall asleep.
The sleepcap releases spores at you!!
Ouch! That really hurt!
You die...

#.≈.≈≈≈§§.#
###.§§....≈§##
#...§§._..≈§.#
#..§≈.....≈..######
#...≈.§≈≈.≈........
#...§§.§....####.### ##.
#...≈§§≈≈≈§..###...#....
'.......................
#........#......@f......
...##########...........
...# #####...........
...# #...............
...# #...............
...# ###...............
#### #.................
# #.....#..........# #
#.....#......... ###


You could see a sleepcap.

Vanquished Creatures
  6 adders
  A worm (D:2)
  An orc (D:3)
  4 endoplasms
  3 giant cockroaches (D:1)
  4 goblins (D:1)
  4 hobgoblins
  3 kobolds
  2 quokkas
  7 ball pythons
  5 bats (D:1)
  3 frilled lizards
  6 rats
49 creatures vanquished.

Notes
Turn   | Place    | Note
-------+----------+-------------------------------------------
     0 | D:1      | IdlyInterested the Demonspawn Gladiator began the quest for
                  | the Orb.
     0 | D:1      | Reached XP level 1. HP: 16/16 MP: 1/1
    74 | D:1      | Reached skill level 1 in Armour
   108 | D:1      | Gained mutation: You sometimes gain a little power by
                  | taking damage. [demonic ancestry]
   108 | D:1      | Reached XP level 2. HP: 15/22 MP: 2/2
   152 | D:1      | Reached skill level 3 in Axes
   253 | D:1      | Reached skill level 1 in Stealth
   497 | D:1      | Reached skill level 1 in Evocations
   539 | D:1      | Found a faded altar of an unknown god.
   544 | D:1      | Gained mutation: Spells you cast may paralyse adjacent
                  | enemies. [demonic ancestry]
   544 | D:1      | Reached XP level 3. HP: 27/27 MP: 3/3
  1090 | D:2      | Reached skill level 1 in Short Blades
  1175 | D:2      | Identified the +4 ring mail of Generosity {Str+6}
  1445 | D:2      | Gained mutation: You have a pair of small horns on your
                  | head. [demonic ancestry]
  1445 | D:2      | Reached XP level 4. HP: 27/33 MP: 4/4
  1715 | D:3      | Found Omuwk's Antique Armour Shop.
  1882 | D:3      | Found an ornate altar of the Wu Jian Council.
  1954 | D:3      | Found a bloodstained altar of Trog.
  1992 | D:3      | Slain by a sleepcap

Illustrated notes

Levels and vault maps discovered:
D:1:      eino_arrival_tree_alley, layout_basic,
          hellmonk_ecumenical_altar_crossroads, minmay_misc_feat_room
D:2:      layout_basic
D:3:      layout_basic, mainiacjoe_overflow_cross_hatched,
          pdpol_wu_jian_five_deadly_venoms, serial_shops, nicolae_square_shop

Skill      XL: |  1  2  3  4 |
---------------+-------------+-----
Armour         | 1 |  1.0
Axes           | 3 |  3.6
Stealth        | 1 |  1.0
Evocations     | 1 |  1.0
Short Blades   | 1 2 |  2.0
Fighting       | |  2.0
Throwing       | |  1.7
Dodging        | |  2.6
Spellcasting   | |  0.5

Action                     |  1- 3 |  4- 6 || total
---------------------------+-------+-------++-------
  Melee: War axe           |   106 |    41 ||   147
         Headbutt          |       |     5 ||     5
  Throw: Stone             |     1 |       ||     1
    Use: Scroll            |     5 |     1 ||     6
         Potion            |       |     1 ||     1
 Armour: Leather armour    |    13 |       ||    13
         Ring mail         |    37 |    30 ||    67
  Dodge: Dodged            |    59 |    24 ||    83

Table legend: (Time is in decaauts)
 A = Elapsed time spent in this place.
 B = Non-inter-level travel time spent in this place.
 C = Inter-level travel time spent in this place.
 D = Time resting spent in this place.
 E = Time spent auto-exploring this place.
 F = Levels seen in this place.
 G = Mean time per level.
                   A        B        C        D        E       F      G
               +--------+--------+--------+--------+--------+-----+--------+
         Total |   2042 |   1852 |    190 |    164 |   1017 |   3 |  680.7 |
       Dungeon |   2042 |   1852 |    190 |    164 |   1017 |   3 |  680.7 |
               +--------+--------+--------+--------+--------+-----+--------+

Top non-repeatable levels by time:
     D:1: 852 daAuts
     D:2: 791 daAuts
     D:3: 398 daAuts
